HSSL
BISHOP GORMAN HS BALBASAURS @ JEFFERSONVILLE-YOUNGSVILLE CENTRAL HS TROJANS
04/29/2028
 
TOP OF THE 1ST
Bishop Gorman HS Balbasaurs batting - Pitching for Jeffersonville-Youngsville Central HS Trojans : LHP Brett Wakeley
Pitching: LHP Brett Wakeley
Batting: RHB Chris Cox 0-0: Bunt missed!
0-1: Ball
1-1: Foul Ball, location: 2F
1-2: Ball
2-2: Ball
3-2: Reached on error, E5 (Groundball, 56)
Batting: RHB Júlio García 0-0: Ball
1-0: Called Strike
1-1: Swinging Strike
1-2: Strikes out swinging
Batting: RHB José Díaz 0-0: Ball
1-0: Called Strike
Chris Cox is caught stealing 2nd base
1-1: Ball
2-1: Ball
3-1: Called Strike
3-2: Strikes out swinging
Top of the 1st over - 0 run(s), 0 hit(s), 1 error(s), 0 left on base; Bishop Gorman HS 0 - Jeffersonville-Youngsville Central HS 0
BOTTOM OF THE 1ST
Jeffersonville-Youngsville Central HS Trojans batting - Pitching for Bishop Gorman HS Balbasaurs : RHP Vaughan Sellers
Pitching: RHP Vaughan Sellers
Batting: RHB José Rocha 0-0: Ball
1-0: Swinging Strike
1-1: Foul Ball, location: 2F
1-2: SINGLE (Line Drive, 4M)
Batting: RHB Ben Bradley 0-0: Ball
1-0: Called Strike
José Rocha steals 2nd base
1-1: Foul Ball, location: 2F
1-2: Ball
2-2: Hit by Pitch
Batting: RHB Mike Weeks 0-0: Fly out, F9 (Flyball, 9S)
Batting: RHB Glenn Brooks 0-0: Ball
1-0: Ball
2-0: Swinging Strike
2-1: Ball
3-1: Called Strike
3-2: Foul Ball, location: 2F
3-2: Foul Ball, location: 2F
3-2: Foul Ball, location: 2F
3-2: Strikes out swinging
Batting: LHB Ben Webb 0-0: Ball
1-0: Ball
2-0: Fly out, F8 (Flyball, 8LM)
Bottom of the 1st over - 0 run(s), 1 hit(s), 0 error(s), 2 left on base; Bishop Gorman HS 0 - Jeffersonville-Youngsville Central HS 0
TOP OF THE 2ND
Bishop Gorman HS Balbasaurs batting - Pitching for Jeffersonville-Youngsville Central HS Trojans : LHP Brett Wakeley
Batting: LHB Guillermo Peña 0-0: Foul Ball, location: 2F
0-1: Called Strike
0-2: Ball
1-2: Ground out 6-3 (Groundball, 6)
Batting: RHB Stephen Olvera 0-0: Called Strike
0-1: Called Strike
0-2: SOLO HOME RUN (Flyball, 78XD), Distance : 428 ft
Batting: LHB Michel Gélinas 0-0: Ball
1-0: Ball
2-0: Ball
3-0: Called Strike
3-1: Base on Balls
Batting: RHB Jimmy Martin 0-0: Foul Ball, location: 2F
0-1: Ball
1-1: Ball
2-1: Fly out, F9 (Flyball, 89S)
Batting: RHB Mario Ramírez 0-0: Ground out 1-3 (Groundball, P)
Top of the 2nd over - 1 run(s), 1 hit(s), 0 error(s), 1 left on base; Bishop Gorman HS 1 - Jeffersonville-Youngsville Central HS 0
BOTTOM OF THE 2ND
Jeffersonville-Youngsville Central HS Trojans batting - Pitching for Bishop Gorman HS Balbasaurs : RHP Vaughan Sellers
Batting: LHB Steve Parker 0-0: Ball
1-0: Ground out 4-3 (Groundball, 34)
Batting: LHB Tomás Mata 0-0: Ground out 4-3 (Groundball, 34)
Batting: RHB Duane Bradley 0-0: Ball
1-0: Ball
2-0: SOLO HOME RUN (Flyball, 78XD), Distance : 427 ft
Batting: RHB Mike McGee 0-0: Swinging Strike
0-1: Ball
1-1: Swinging Strike
1-2: Foul Ball, location: 2F
1-2: Ground out 5-3 (Groundball, 56)
Bottom of the 2nd over - 1 run(s), 1 hit(s), 0 error(s), 0 left on base; Bishop Gorman HS 1 - Jeffersonville-Youngsville Central HS 1
TOP OF THE 3RD
Bishop Gorman HS Balbasaurs batting - Pitching for Jeffersonville-Youngsville Central HS Trojans : LHP Brett Wakeley
Batting: RHB John Milligan 0-0: Ball
1-0: Called Strike
1-1: Ground out 6-3 (Groundball, 6)
Batting: RHB Chris Cox 0-0: Swinging Strike
0-1: Ball
1-1: Foul Ball, location: 2F
1-2: Strikes out swinging
Batting: RHB Júlio García 0-0: Called Strike
0-1: Ball
1-1: Foul Ball, location: 2F
1-2: Ball
2-2: SINGLE (Groundball, 4MD)
Batting: RHB José Díaz 0-0: Foul Ball, location: 2F
0-1: Ground out 6-3 (Groundball, 56)
Top of the 3rd over - 0 run(s), 1 hit(s), 0 error(s), 1 left on base; Bishop Gorman HS 1 - Jeffersonville-Youngsville Central HS 1
BOTTOM OF THE 3RD
Jeffersonville-Youngsville Central HS Trojans batting - Pitching for Bishop Gorman HS Balbasaurs : RHP Vaughan Sellers
Batting: RHB José Rocha 0-0: Ball
1-0: Ball
2-0: Ball
3-0: Base on Balls
Batting: RHB Ben Bradley 0-0: Called Strike
0-1: Grounds into double play, 6-4-3 (Groundball, 6)
Batting: RHB Mike Weeks 0-0: Called Strike
0-1: Called Strike
0-2: Ball
1-2: Ball
2-2: Strikes out swinging
Bottom of the 3rd over - 0 run(s), 0 hit(s), 0 error(s), 0 left on base; Bishop Gorman HS 1 - Jeffersonville-Youngsville Central HS 1
TOP OF THE 4TH
Bishop Gorman HS Balbasaurs batting - Pitching for Jeffersonville-Youngsville Central HS Trojans : LHP Brett Wakeley
Batting: LHB Guillermo Peña 0-0: Ball
1-0: Fly out, F7 (Line Drive, 78M)
Batting: RHB Stephen Olvera 0-0: Swinging Strike
0-1: Ball
1-1: Foul Ball, location: 2F
1-2: Ball
2-2: Ball
3-2: Base on Balls
Batting: LHB Michel Gélinas 0-0: Ball
1-0: Fly out, F9 (Line Drive, 9)
Batting: RHB Jimmy Martin 0-0: Ball
1-0: Ball
2-0: Foul Ball, location: 2F
2-1: Called Strike
2-2: Foul Ball, location: 2F
2-2: Strikes out swinging
Top of the 4th over - 0 run(s), 0 hit(s), 0 error(s), 1 left on base; Bishop Gorman HS 1 - Jeffersonville-Youngsville Central HS 1
BOTTOM OF THE 4TH
Jeffersonville-Youngsville Central HS Trojans batting - Pitching for Bishop Gorman HS Balbasaurs : RHP Vaughan Sellers
Batting: RHB Glenn Brooks 0-0: Ball
1-0: Swinging Strike
1-1: Ball
2-1: Ball
3-1: SINGLE (Line Drive, 78S)
Batting: LHB Ben Webb 0-0: Ball
1-0: Swinging Strike
1-1: Called Strike
1-2: Strikes out looking
Batting: LHB Steve Parker 0-0: Ball
1-0: Foul Ball, location: 2F
1-1: Reached on error, E3 (Groundball, 3)
Glenn Brooks to second
Batting: LHB Tomás Mata 0-0: Ball
1-0: Ball
2-0: Ball
3-0: Called Strike
3-1: Swinging Strike
3-2: Base on Balls
Glenn Brooks to third
Steve Parker to second
Batting: RHB Duane Bradley 0-0: Called Strike
0-1: Ball
1-1: Grounds into double play, 4-6-3 (Groundball, 4)
Bottom of the 4th over - 0 run(s), 1 hit(s), 1 error(s), 2 left on base; Bishop Gorman HS 1 - Jeffersonville-Youngsville Central HS 1
TOP OF THE 5TH
Bishop Gorman HS Balbasaurs batting - Pitching for Jeffersonville-Youngsville Central HS Trojans : LHP Brett Wakeley
Batting: RHB Mario Ramírez 0-0: Ball
1-0: Foul Ball, location: 2F
1-1: Swinging Strike
1-2: Strikes out looking
Batting: RHB John Milligan 0-0: Hit by Pitch
Pinch Runner at 1st Jake Rutledge:
Batting: RHB Chris Cox 0-0: Called Strike
0-1: Ground out 5-3 (Groundball, 5S)
Jake Rutledge to second
Batting: RHB Júlio García 0-0: Called Strike
0-1: Foul Ball, location: 2F
0-2: Ball
1-2: DOUBLE (Flyball, 78M)
Jake Rutledge scores
Batting: RHB José Díaz 0-0: SINGLE (Groundball, 6MD)
Júlio García to third
Runner from 3rd tries for Home, SAFE, no throw
Batting: LHB Guillermo Peña 0-0: Swinging Strike
0-1: Called Strike
0-2: Ball
1-2: Ground out 4-3 (Groundball, 4MS)
Top of the 5th over - 2 run(s), 2 hit(s), 0 error(s), 1 left on base; Bishop Gorman HS 3 - Jeffersonville-Youngsville Central HS 1
BOTTOM OF THE 5TH
Jeffersonville-Youngsville Central HS Trojans batting - Pitching for Bishop Gorman HS Balbasaurs : RHP Vaughan Sellers
Now at C: Jake Rutledge
Batting: RHB Mike McGee 0-0: Called Strike
0-1: Swinging Strike
0-2: Ball
1-2: Hit by Pitch
Batting: RHB José Rocha 0-0: Foul Ball, location: 2F
0-1: Ball
1-1: Foul Ball, location: 2F
1-2: Grounds into double play, 4-6-3 (Groundball, 4)
Batting: RHB Ben Bradley 0-0: Foul Ball, location: 2F
0-1: Ball
1-1: Ball
2-1: Swinging Strike
2-2: Strikes out swinging
Bottom of the 5th over - 0 run(s), 0 hit(s), 0 error(s), 0 left on base; Bishop Gorman HS 3 - Jeffersonville-Youngsville Central HS 1
TOP OF THE 6TH
Bishop Gorman HS Balbasaurs batting - Pitching for Jeffersonville-Youngsville Central HS Trojans : LHP Brett Wakeley
Batting: RHB Stephen Olvera 0-0: DOUBLE (Line Drive, 78D)
Pitching: RHP Vince Hawk
Batting: LHB Michel Gélinas 0-0: SINGLE (Groundball, 56) (infield hit)
Stephen Olvera to third
Batting: RHB Jimmy Martin 0-0: Called Strike
0-1: Ball
1-1: Fly out, F4 (Popup, 4D)
Batting: RHB Mario Ramírez 0-0: Ball
1-0: Ball
Michel Gélinas is caught stealing 2nd base
2-0: Ground out 4-3 (Groundball, 4)
Top of the 6th over - 0 run(s), 2 hit(s), 0 error(s), 1 left on base; Bishop Gorman HS 3 - Jeffersonville-Youngsville Central HS 1
BOTTOM OF THE 6TH
Jeffersonville-Youngsville Central HS Trojans batting - Pitching for Bishop Gorman HS Balbasaurs : RHP Vaughan Sellers
Batting: RHB Mike Weeks 0-0: Ball
1-0: Swinging Strike
1-1: SINGLE (Groundball, 4D)
Pitching: RHP Daniel Higgins
Batting: RHB Glenn Brooks 0-0: Ball
1-0: Ball
2-0: Ball
3-0: Called Strike
3-1: Foul Ball, location: 2F
3-2: Base on Balls
Mike Weeks to second
Batting: LHB Ben Webb 0-0: Ball
1-0: Called Strike
1-1: Called Strike
1-2: Strikes out swinging
Batting: LHB Steve Parker 0-0: Called Strike
Mike Weeks steals 3rd base
Glenn Brooks to second
0-1: Ball
1-1: Foul Ball, location: 2F
1-2: Ball
2-2: Foul Ball, location: 2F
2-2: Foul Ball, location: 2F
2-2: Ball
3-2: Fly out, F7 (Flyball, 7S)
Batting: LHB Tomás Mata 0-0: Ball
1-0: Ball
2-0: Ball
3-0: Called Strike
3-1: Foul Ball, location: 2F
3-2: Base on Balls
Batting: RHB Duane Bradley 0-0: Called Strike
0-1: Ball
1-1: Called Strike
1-2: Strikes out looking
Bottom of the 6th over - 0 run(s), 1 hit(s), 0 error(s), 3 left on base; Bishop Gorman HS 3 - Jeffersonville-Youngsville Central HS 1
TOP OF THE 7TH
Bishop Gorman HS Balbasaurs batting - Pitching for Jeffersonville-Youngsville Central HS Trojans : RHP Vince Hawk
Batting: RHB Jake Rutledge 0-0: Ball
1-0: Foul Ball, location: 2F
1-1: Ball
2-1: Called Strike
2-2: Strikes out looking
Batting: RHB Chris Cox 0-0: Called Strike
0-1: Fly out, F9 (Flyball, 9LS)
Batting: RHB Júlio García 0-0: Ball
1-0: Foul Ball, location: 2F
1-1: DOUBLE (Line Drive, 8LXD)
Batting: RHB José Díaz 0-0: Called Strike
0-1: Swinging Strike
0-2: Strikes out swinging
Top of the 7th over - 0 run(s), 1 hit(s), 0 error(s), 1 left on base; Bishop Gorman HS 3 - Jeffersonville-Youngsville Central HS 1
BOTTOM OF THE 7TH
Jeffersonville-Youngsville Central HS Trojans batting - Pitching for Bishop Gorman HS Balbasaurs : RHP Daniel Higgins
Batting: RHB Mike McGee 0-0: Ball
1-0: Foul Ball, location: 2F
1-1: Ball
2-1: Foul Ball, location: 2F
2-2: Ball
3-2: Fly out, F2 (Popup, 23)
Pitching: LHP Mathew Hart
Batting: RHB José Rocha 0-0: Foul Ball, location: 2F
0-1: Foul Ball, location: 2F
0-2: Ball
1-2: Ball
2-2: Fly out, F7 (Flyball, 7LMF)
Batting: RHB Ben Bradley 0-0: SINGLE (Groundball, 5S) (infield hit)
Batting: RHB Mike Weeks 0-0: Ball
1-0: Ball
2-0: Ball
3-0: Base on Balls
Ben Bradley to second
Batting: RHB Glenn Brooks 0-0: Ball
1-0: Ball
2-0: Swinging Strike
2-1: Ball
3-1: Called Strike
3-2: Base on Balls
Ben Bradley to third
Mike Weeks to second
Batting: LHB Ben Webb 0-0: Foul Ball, location: 2F
0-1: Foul Ball, location: 2F
0-2: SINGLE (Line Drive, 34D)
Ben Bradley scores
Mike Weeks to third
Glenn Brooks to second
Runner from 3rd tries for Home, SAFE, throw made at trailing runner, OUT at third!
Bottom of the 7th over - 2 run(s), 2 hit(s), 0 error(s), 1 left on base; Bishop Gorman HS 3 - Jeffersonville-Youngsville Central HS 3
TOP OF THE 8TH
Bishop Gorman HS Balbasaurs batting - Pitching for Jeffersonville-Youngsville Central HS Trojans : RHP Vince Hawk
Batting: LHB Guillermo Peña 0-0: Ball
1-0: Ball
2-0: Ball
3-0: Base on Balls
Pinch Hitting: RHB Scotty Humphrey 0-0: SINGLE (Flyball, 89S)
Guillermo Peña to second
Batting: LHB Michel Gélinas 0-0: Sac Bunt - play at third, runner OUT! 3-6
Scotty Humphrey to second
Batting: RHB Jimmy Martin 0-0: Called Strike
0-1: Ball
1-1: Foul Ball, location: 2F
1-2: Ball
2-2: Ball
3-2: Foul Ball, location: 2F
3-2: Fly out, F6 (Popup, 6S)
Batting: RHB Mario Ramírez 0-0: Fly out, F4 (Popup, 4D)
Top of the 8th over - 0 run(s), 1 hit(s), 0 error(s), 2 left on base; Bishop Gorman HS 3 - Jeffersonville-Youngsville Central HS 3
BOTTOM OF THE 8TH
Jeffersonville-Youngsville Central HS Trojans batting - Pitching for Bishop Gorman HS Balbasaurs : LHP Mathew Hart
Pitching: RHP Max Marsh
Now in LF: Ramón Chávez
Batting: LHB Steve Parker 0-0: SINGLE (Line Drive, 7S)
Batting: LHB Tomás Mata 0-0: Bunted foul
0-1: Sac Bunt - play at first, batter OUT! 1-4
Steve Parker to second
Batting: RHB Duane Bradley 0-0: Called Strike
0-1: Foul Ball, location: 2F
0-2: Ball
1-2: Fly out, F9 (Flyball, 9S)
Batting: RHB Mike McGee 0-0: Foul Ball, location: 2F
0-1: Foul Ball, location: 2F
0-2: Foul Ball, location: 2F
0-2: Strikes out swinging
Bottom of the 8th over - 0 run(s), 1 hit(s), 0 error(s), 1 left on base; Bishop Gorman HS 3 - Jeffersonville-Youngsville Central HS 3
TOP OF THE 9TH
Bishop Gorman HS Balbasaurs batting - Pitching for Jeffersonville-Youngsville Central HS Trojans : RHP Vince Hawk
Pitching: RHP Juan García
Batting: RHB Jake Rutledge 0-0: Ball
1-0: Ball
2-0: Called Strike
2-1: Ball
3-1: Called Strike
3-2: Foul Ball, location: 2F
3-2: Foul Ball, location: 2F
3-2: Strikes out looking
Batting: RHB Chris Cox 0-0: Ball
1-0: Fly out, F9 (Flyball, 9S)
Batting: RHB Júlio García 0-0: Called Strike
0-1: Ball
1-1: Ball
2-1: Ball
3-1: Foul Ball, location: 2F
3-2: Strikes out swinging
Top of the 9th over - 0 run(s), 0 hit(s), 0 error(s), 0 left on base; Bishop Gorman HS 3 - Jeffersonville-Youngsville Central HS 3
BOTTOM OF THE 9TH
Jeffersonville-Youngsville Central HS Trojans batting - Pitching for Bishop Gorman HS Balbasaurs : RHP Max Marsh
Batting: RHB José Rocha 0-0: Foul Ball, location: 2F
0-1: Ground out 5-3 (Groundball, 5)
Batting: RHB Ben Bradley 0-0: Ball
1-0: Ball
2-0: Ball
3-0: Base on Balls
Pinch Hitting: RHB Albert Smedley 0-0: Fly out, F8 (Flyball, 8LM)
Batting: RHB Glenn Brooks 0-0: Called Strike
0-1: Ball
1-1: 2-RUN HOME RUN (Flyball, 78XD), Distance : 432 ft
GAME OVER ... JEFFERSONVILLE
Youngsville Central HS defeats Bishop Gorman HS, 5 to 3
Tuesday, August 8th, 2017 - OOTP Baseball 17.12 Build 75